 Dungeon Crawl Stone Soup version 0.29.1-15-g9cfb28693d (webtiles) character file.

Game seed: 15330249967147460901

27022 BigDaddyOpFi the Grappler (level 13, 0/196 HPs)
             Began as a Troll Fighter on Feb 22, 2023.
             Was an Elder of Wu Jian.
             Slain by a 16-headed hydra (4 damage)
             ... on level 4 of the Lair of Beasts.
             The game lasted 00:29:27 (15625 turns).

BigDaddyOpFi the Grappler (Troll Fighter)          Turns: 15625, Time: 00:29:28

Health: 0/196      AC: 26    Str: 27    XL:     13   Next: 2%
Magic:  12/12      EV:  1    Int:  8    God:    Wu Jian [****..]
Gold:   943        SH: 15    Dex:  9    Spells: 12/12 levels left

rFire   + . .      SeeInvis .     - Unarmed
rCold   . . .      Faith    .   b - +0 kite shield
rNeg    . . .      Spirit   .   (body armour currently unavailable)
rPois   +          Reflect  +   (helmet currently unavailable)
rElec   .          Harm     .   (cloak currently unavailable)
rCorr   .          Rampage  .   (gloves unavailable)
Will    +....      NoTele   +   (boots unavailable)
Stlth   +.........              v - amulet of reflection
HPRegen 1.22/turn               w - ring of protection from fire
MPRegen 0.13/turn               R - ring of willpower

@: exhausted, tree-form
A: stationary, stasis, torment immunity, boosted hp, large, unfitting armour,
(claws 3), regeneration 1, (shaggy fur 1), (tough skin 1)
a: Renounce Religion, Wall Jump, Serpent's Lash


You were on level 4 of the Lair of Beasts.
You worshipped Wu Jian.
Wu Jian was greatly pleased with you.
You were a tree.
You visited 3 branches of the dungeon, and saw 18 of its levels.

You collected 943 gold pieces.

Inventory:

Hand Weapons
 K - a +2 sling of freezing
Missiles
 P - 5 large rocks
Armour
 a - a +0 robe
 b - a +0 kite shield (worn)
 r - a +2 cloak of stealth (melded)
 I - +5 acid dragon scales (melded)
 V - a +2 robe of the Archmagi
Jewellery
 v - an amulet of reflection (around neck)
 w - a ring of protection from fire (left branch)
 B - a ring of resist corrosion
 H - an amulet of magic regeneration
 Q - a ring of flight
 R - a ring of willpower (right branch)
 X - an amulet of regeneration
 Y - an amulet of faith
Wands
 i - a wand of roots (23)
 o - a wand of charming (18) (quivered)
 u - a wand of flame (50)
 A - a wand of polymorph (9)
 E - a wand of mindburst (20)
 W - a wand of acid (4)
Scrolls
 c - 2 scrolls of enchant weapon
 g - 2 scrolls of fear
 l - 5 scrolls of vulnerability
 n - 2 scrolls of silence
 y - 2 scrolls of butterflies
 C - 3 scrolls of teleportation
 D - 5 scrolls of amnesia
 F - a scroll of poison
 G - 3 scrolls of magic mapping
 J - 2 scrolls of blinking {unknown}
 O - 5 scrolls of identify
Potions
 e - 4 potions of flight
 f - 3 potions of berserk rage
 h - 5 potions of attraction
 j - 6 potions of brilliance
 k - a potion of resistance
 m - 3 potions of mutation
 x - 2 potions of magic
 z - a potion of degeneration {unknown}
 L - a potion of lignification
 M - 3 potions of might
 N - a potion of invisibility
 T - a potion of cancellation {unknown}
 U - a potion of haste
Miscellaneous
 p - a piece from Xom's chessboard (15/15)
 q - a phial of floods
 s - a tin of tremorstones (2/2)


   Skills:
 + Level 9.1 Fighting
 + Level 7.6 Dodging
 + Level 10.0 Shields
 * Level 14.6 Unarmed Combat


You had 12 spell levels left.
You didn't know any spells.
Your spell library contained the following spells:

 Spells                   Type           Power      Damage    Failure   Level
 Blink                    Tloc           0%         N/A       77%         2
 Ensorcelled Hibernation  Hex/Ice        0%         N/A       77%         2
 Static Discharge         Conj/Air       0%         3-3/arc   77%         2
 Call Canine Familiar     Summ           0%         N/A       94%         3
 Portal Projectile        Hex/Tloc       0%         N/A       94%         3
 Spider Form              Tmut/Pois      0%         N/A       94%         3
 Anguish                  Hex/Necr       0%         N/A       100%        4
 Animate Dead             Necr           0%         N/A       100%        4
 Dispel Undead            Necr           0%         3d6       100%        4
 Fulminant Prism          Conj/Hex       0%         3d6       100%        4
 Iskenderun's Mystic Bla  Conj/Tloc      0%         2d3       100%        4
 Leda's Liquefaction      Hex/Erth       0%         N/A       100%        4
 Sticky Flame             Conj/Fire      0%         2d3       100%        4
 Blade Hands              Tmut           0%         N/A       100%        5
 Borgnjor's Vile Clutch   Necr/Erth      0%         N/A       100%        5
 Irradiate                Conj/Tmut      0%         3d11      100%        5
 Lee's Rapid Deconstruct  Erth           0%         3d5*      100%        5
 Manifold Assault         Tloc           0%         N/A       100%        5
 Death Channel            Necr           0%         N/A       100%        6
 Dragon Form              Tmut           0%         N/A       100%        7
 Storm Form               Tmut/Air       0%         N/A       100%        7


Dungeon Overview and Level Annotations

Branches:
Dungeon (12/15)            Temple (1/1) D:6            Lair (5/5) D:10
 Shoals (0/4) Lair:2        Snake (0/4) Lair:2          Orc (0/2) D:12
  Slime: Lair:4-5

Altars:
Ashenzari
Cheibriados
Dithmenos
Elyvilon
Fedhas
Gozag
Hepliaklqana
Kikubaaqudgha
Makhleb
Nemelex Xobeh
Okawaru
Qazlal
Ru
Sif Muna
Trog
Uskayaw
Vehumet
Wu Jian
Xom
Yredelemnul
Zin
The Shining One

Shops:
D:3 (   D:7 (   D:8 *   D:10 (

Annotations:
D:11 2 runed translucent doors, 2 transporters, sweetbreads's ghost, journeyman GrEE
Lair:3 1 runed translucent door


Innate Abilities, Weirdness & Mutations

You are a tree.
Your roots penetrate the ground, keeping you stationary.
You cannot be teleported.
You are immune to unholy pain and torment.
Your maximum health is greatly increased.
Your equipment is partially melded.
You are too large for most types of armour.
((You have claws for hands.))
Your natural rate of healing is unusually fast.
((You are covered in fur. (AC +1)))
((You have tough skin. (AC +1)))


Message History

You block the 16-headed hydra's attack. The 16-headed hydra bites you.
* * * LOW HITPOINT WARNING * * *
The 16-headed hydra bites you but does no damage.
The 16-headed hydra completely misses you.
You block the 16-headed hydra's attack.
Okay, then.
As you read the scroll of torment, it crumbles to dust.
You feel a surge of unholy energy.
The 16-headed hydra convulses!
The 16-headed hydra bites you but does no damage. x3
You block the 16-headed hydra's attack.
The 16-headed hydra bites you but does no damage. x2
The 16-headed hydra bites you.
* * * LOW HITPOINT WARNING * * *
The 16-headed hydra bites you but does no damage. x2
The 16-headed hydra completely misses you.
The 16-headed hydra bites you!
* * * LOW HITPOINT WARNING * * *
The 16-headed hydra bites you but does no damage.
The 16-headed hydra bites you.
* * * LOW HITPOINT WARNING * * *
You block the 16-headed hydra's attack.
The 16-headed hydra bites you but does no damage.
The 16-headed hydra bites you.
* * * LOW HITPOINT WARNING * * *
Okay, then.
Okay, then.
There is nothing to wall jump against here.
Okay, then.
Press: ? - help, v - describe, . - travel
Here: a 16-headed hydra (almost dead)
The floor.
Aiming: Charm
Press: ? - help, Q - select action, (/) - cycle Shift-Dir - straight line, f - 16-headed hydra
Aim: a 16-headed hydra (almost dead, chance to affect: 17%)
The 16-headed hydra resists with almost no effort.
You block the 16-headed hydra's attack. x2; The 16-headed hydra bites you.
* * * LOW HITPOINT WARNING * * *
The 16-headed hydra bites you but does no damage.
The 16-headed hydra bites you.
You die...

### ### ########.##
####.#######
###..##.###D###.#.###..#.####
#...........♣................
#......'.##....#.#..#.##P....
#..###..###....###..#####....
##..##.#.####..####...P.#P...#
#.........# #..###.........)..
##...##...# #...##......#.....
#...###...###...######'###...#
##..# ######...#######.###...#
#...###### #...###.#....#.....


You could see a 16-headed hydra.

Vanquished Creatures
  Snorg (D:11)
  A boulder beetle (Lair:4)
  A catoblepas (Lair:4)
  2 two-headed ogres
  Nergalle (Lair:3)
  5 large abominations (D:10)
  A wizard (D:10)
  A lindwurm (Lair:4)
  A manticore (D:12)
  A cyclops (D:12)
  2 black mambas
  A gargoyle (D:12)
  Maggie (D:9)
  An unseen horror (D:11)
  6 cane toads
  2 rime drakes
  5 komodo dragons
  A troll (D:9)
  2 hornets
  Grinder (D:5)
  7 blink frogs
  A shadow (D:11)
  3 wyverns
  33 yaks
  A basilisk (Lair:4)
  2 wraiths
  7 small abominations (D:10)
  A steam dragon (D:7)
  3 vampire mosquitoes (D:11)
  Duvessa (D:6)
  5 acid dragons
  6 water moccasins
  3 sky beasts
  3 black bears (D:5)
  2 ice beasts
  5 orc warriors
  An ogre (D:5)
  8 wolves
  2 centaurs
  4 kobold brigands
  6 bullfrogs
  A gnoll sergeant (D:9)
  A necrophage (D:4)
  3 scorpions
  7 wights
  Dowan (D:6)
  8 killer bees
  7 howler monkeys
  An electric eel (Lair:3)
  3 jellies
  2 hounds (D:6)
  2 gnoll boudas
  12 orc priests
  Crazy Yiuf (D:3)
  An iguana (D:6)
  Natasha (thrice) (D:2)
  9 orc wizards
  6 gnolls
  12 adders
  A shadow imp (D:6)
  4 white imps
  4 ufetubi
  A worm (D:2)
  The ghost of nshep25 the Sneak, a weakling HuDe (D:5)
  4 dart slugs
  28 orcs
  8 bats
  9 endoplasms
  A giant cockroach (D:2)
  8 goblins
  6 hobgoblins
  5 jackals (D:2)
  5 quokkas
  9 ball pythons
  5 frilled lizards
  20 kobolds
  5 rats (D:1)
345 creatures vanquished.

Vanquished Creatures (collateral kills)
  A wight (D:6)
1 creature vanquished.

Vanquished Creatures (others)
  A kobold (D:8)
  18 fungi
  20 plants
39 creatures vanquished.

Grand Total: 385 creatures vanquished

Notes
Turn   | Place    | Note
-------+----------+-------------------------------------------
     0 | D:1      | BigDaddyOpFi the Troll Fighter began the quest for the Orb.
     0 | D:1      | Reached XP level 1. HP: 22/22 MP: 0/0
    65 | D:1      | Reached XP level 2. HP: 29/29 MP: 1/1
   265 | D:1      | Found a faded altar of an unknown god.
   454 | D:1      | Reached XP level 3. HP: 36/36 MP: 2/2
   579 | D:2      | Reached skill level 3 in Unarmed Combat
   611 | D:2      | Noticed Natasha
   617 | D:2      | Killed Natasha
   618 | D:2      | Reached XP level 4. HP: 23/44 MP: 3/3
   666 | D:2      | Noticed Natasha
   677 | D:2      | Killed Natasha
   904 | D:2      | Reached skill level 4 in Unarmed Combat
   904 | D:2      | Reached XP level 5. HP: 53/53 MP: 4/4
   913 | D:2      | Noticed Natasha
   917 | D:2      | Killed Natasha
  1385 | D:3      | Found Nekyma's Weapon Boutique.
  1390 | D:3      | You fall into a shaft and drop 2 floors!
  1390 | D:5      | Entered Level 5 of the Dungeon
  1406 | D:5      | Found a bloodstained altar of Trog.
  1406 | D:5      | Noticed a black bear
  1406 | D:5      | Noticed a black bear
  1411 | D:5      | Noticed a black bear
  1584 | D:4      | Found a shimmering blue altar of Sif Muna.
  1704 | D:3      | Found a hide-covered altar of Uskayaw.
  1742 | D:3      | Found a broken altar of Ashenzari.
  1934 | D:3      | Found a runed translucent door.
  1935 | D:3      | Noticed Crazy Yiuf
  2271 | D:3      | Killed Crazy Yiuf
  2272 | D:3      | Reached XP level 6. HP: 38/61 MP: 5/5
  2669 | D:4      | Reached skill level 5 in Unarmed Combat
  3110 | D:5      | Found a runed translucent door.
  3119 | D:5      | Reached XP level 7. HP: 66/70 MP: 6/6
  3240 | D:4      | Reached skill level 6 in Unarmed Combat
  3556 | D:5      | Noticed Grinder
  3563 | D:5      | Killed Grinder
  3564 | D:5      | Reached skill level 5 in Shields
  3564 | D:5      | Reached skill level 7 in Unarmed Combat
  3564 | D:5      | Reached XP level 8. HP: 68/79 MP: 7/7
  3615 | D:5      | Noticed nshep25's ghost (weakling HuDe)
  3752 | D:5      | Killed nshep25's ghost
  3947 | D:6      | Found a staircase to the Ecumenical Temple.
  3968 | Temple   | Entered the Ecumenical Temple
  4198 | Temple   | Became a worshipper of the Wu Jian Council
  4234 | D:6      | Reached skill level 5 in Fighting
  4256 | D:6      | Noticed Dowan
  4258 | D:6      | Noticed Duvessa
  4261 | D:6      | Killed Dowan
  4262 | D:6      | Reached skill level 8 in Unarmed Combat
  4269 | D:6      | Killed Duvessa
  4500 | D:6      | Reached XP level 9. HP: 81/83 MP: 8/8
  4616 | D:6      | Found a sparkling altar of Nemelex Xobeh.
  5029 | D:7      | Reached skill level 9 in Unarmed Combat
  5126 | D:7      | Found Ceod's Antique Weapon Boutique.
  5465 | D:7      | Reached * piety under Wu Jian
  5634 | D:7      | Found an ancient bone altar of Kikubaaqudgha.
  6070 | D:8      | Found Uky Rakh's Assorted Antiques.
  6277 | D:8      | Reached skill level 10 in Unarmed Combat
  6329 | D:9      | Reached ** piety under Wu Jian
  6418 | D:8      | Reached XP level 10. HP: 74/98 MP: 9/9
  7021 | D:9      | Noticed Maggie
  7029 | D:9      | Killed Maggie
  7191 | D:9      | Found an opulent altar of Gozag.
  7371 | D:10     | Entered Level 10 of the Dungeon
  7475 | D:9      | Reached skill level 11 in Unarmed Combat
  7726 | D:10     | Found Obbuh's Weapon Shoppe.
  7747 | D:10     | Reached skill level 5 in Dodging
  7941 | D:10     | Found a burning altar of Makhleb.
  7942 | D:10     | Found a staircase to the Lair.
  7943 | D:10     | Noticed a green death
  7993 | D:10     | Noticed a wizard
  7998 | D:10     | Killed a wizard
  7998 | D:10     | Reached *** piety under Wu Jian
  8005 | D:10     | Noticed a large abomination
  8005 | D:10     | Noticed a large abomination
  8005 | D:10     | Noticed a large abomination
  8009 | D:10     | Killed a large abomination
  8010 | D:10     | Reached XP level 11. HP: 109/109 MP: 10/10
  8560 | D:10     | Reached skill level 12 in Unarmed Combat
  9281 | D:11     | Noticed a two-headed ogre
  9289 | D:11     | Killed a two-headed ogre
  9412 | D:11     | Found a large runed translucent door.
  9547 | D:11     | Noticed Snorg
  9556 | D:11     | Killed Snorg
  9722 | D:11     | Reached **** piety under Wu Jian
  9723 | D:11     | Found a transporter.
  9733 | D:11     | Found a transporter.
  9735 | D:11     | Found a transporter.
  9737 | D:11     | Found a transporter.
 10014 | D:11     | Found a large runed translucent door.
 10214 | D:11     | Noticed sweetbreads's ghost (journeyman GrEE)
 10250 | D:12     | Noticed a two-headed ogre
 10263 | D:12     | Killed a two-headed ogre
 10271 | D:12     | Reached skill level 13 in Unarmed Combat
 10812 | D:12     | Found a staircase to the Orcish Mines.
 11193 | Lair:1   | Entered Level 1 of the Lair of Beasts
 11206 | Lair:1   | Reached XP level 12. HP: 102/119 MP: 11/11
 12121 | Lair:2   | Noticed a seven-headed hydra
 12319 | Lair:2   | Found a staircase to the Shoals.
 12711 | Lair:2   | Found a staircase to the Snake Pit.
 13089 | Lair:3   | Noticed Nergalle
 13114 | Lair:3   | Killed Nergalle
 13464 | Lair:3   | Reached skill level 14 in Unarmed Combat
 14145 | Lair:3   | Found a runed translucent door.
 14147 | Lair:3   | Noticed a seven-headed hydra
 14507 | Lair:4   | Noticed a boulder beetle
 14543 | Lair:4   | Killed a boulder beetle
 14656 | Lair:5   | Entered Level 5 of the Lair of Beasts
 14656 | Lair:5   | Noticed a six-headed hydra
 14861 | Lair:4   | Noticed a catoblepas
 14872 | Lair:4   | Killed a catoblepas
 15088 | Lair:4   | Reached skill level 10 in Shields
 15088 | Lair:4   | Reached XP level 13. HP: 131/131 MP: 12/12
 15624 | Lair:4   | HP: 9/196 [16-headed hydra (7)]
 15625 | Lair:4   | HP: 4/196 [16-headed hydra (2)]
 15625 | Lair:4   | Slain by a 16-headed hydra

Illustrated notes

Levels and vault maps discovered:
D:1:      lemuel_arrival_funnel, layout_basic, ebering_ecumenical_altar_mist
D:2:      layout_loops_cross, minmay_between, uniq_natasha
D:3:      layout_basic, nicolae_uskayaw_suspiria, evilmike_ruin_ashenzari,
          serial_shops, shop, nicolae_eternal_life, uniq_crazy_yiuf_cottage
D:4:      layout_cave_pools, mainiacjoe_overflow_brackets
D:5:      layout_gridville, trog_ov_bears_minmay, ebering_ghost_sewer_d,
          uniq_grinder
D:6:      minmay_angry_zag, layout_loops_ring,
          nemelex_xobeh_ov_fountains_minmay, minmay_temple_entry_proselytizer,
          nicolae_kite_square_tiling_tiny, uniq_duvessa
D:7:      layout_loops_cross, general_overflow_altar, serial_shops, shop,
          minmay_diced_spiral
D:8:      layout_rooms, serial_shops, nicolae_shop_stone, lemuel_flamethrower_2
D:9:      layout_irregular_city, nicolae_gozag_cash_rules_everything_around_me,
          uniq_maggie
D:10:     layout_long_grid, makhleb_altar_promises_db, lair_entry_dummy,
          serial_shops, shop_statue, grunt_ministairs_9,
          hangedman_decor_growths, laboratory
D:11:     layout_irregular_city, ebering_ghost_disaster_area,
          nicolae_diode_intersection, uniq_snorg
D:12:     layout_irregular_city, orc_0_dummy
Temple:   minmay_temple_curvy_branch
Lair:1:   layout_hall_layers, serial_bayou_shore_b
Lair:2:   layout_regular_city, shoals_dummy_entry, dummy_snake_entry
Lair:3:   layout_long_grid, pf_torpor_hydra, infiniplex_staircase_pool,
          uniq_nergalle
Lair:4:   layout_regular_city, grunt_megastairs_5, lemuel_fruit_fields,
          infiniplex_staircase_pool_2
Lair:5:   hangedman_lair_caniforms_friends, layout_hall_layers,
          guppyfry_lair_end_dragon, dpeg_slime_entry_corner, st_stairs_8,
          dreamdust_mushroom_princess, kennysheep_basilisk_garden,
          grunt_megastairs_3

Skill      XL: |  1  2  3  4  5  6  7  8  9 10 11 12 |
---------------+-------------------------------------+-----
Shields        | 3 4 5 6 7 9 10 | 10.0
Unarmed Combat | 3 4 5 7 8 10 11 13 14 | 14.6
Fighting       | 3 4 5 6 7 8 9 |  9.1
Dodging        | 3 5 6 7 |  7.6

Action                   |  1- 3 |  4- 6 |  7- 9 | 10-12 | 13-15 || total
-------------------------+-------+-------+-------+-------+-------++-------
Melee: Unarmed           |    95 |   179 |   297 |   631 |    14 ||  1216
Invok: Lunge             |       |       |    19 |    30 |       ||    49
       Whirlwind         |       |       |    18 |    43 |     1 ||    62
       Serpent's Lash    |       |       |       |     1 |     2 ||     3
 Abil: Wall Jump         |       |       |       |     8 |       ||     8
Evoke: Wand              |       |       |       |     1 |     1 ||     2
  Use: Scroll            |       |     7 |     7 |    10 |     3 ||    27
       Potion            |       |       |     5 |     5 |     4 ||    14
 Stab: Sleeping          |     1 |     1 |     2 |     4 |       ||     8
Armor: Robe              |    38 |    82 |    83 |    12 |       ||   215
       Acid dragon scale |       |       |       |   151 |    39 ||   190
       Skin              |       |       |       |       |    19 ||    19
Dodge: Dodged            |    40 |    77 |    72 |   168 |    39 ||   396
Block: Kite shield       |    33 |    71 |   162 |   376 |    49 ||   691
       Reflection        |       |       |     4 |     8 |       ||    12
